WCL
GREENWOOD GRIZZLIES @ GASTONIA ROCKETS
04/30/1982
 
TOP OF THE 1ST
Greenwood Grizzlies batting - Pitching for Gastonia Rockets : RHP Jose Torres
Pitching: RHP Jose Torres
Batting: RHB Dave Gallagher 0-0: Ball
1-0: Ball
2-0: Ball
3-0: Called Strike
3-1: Base on Balls
Batting: LHB John Flammang 0-0: Ball
Dave Gallagher steals 2nd base (no throw)
1-0: Called Strike
1-1: Foul Ball, location: 2F
1-2: Foul Ball, location: 2F
1-2: Foul Ball, location: 2F
1-2: Ground out 3-1 (Groundball, 3S, EV 70.6 MPH)
Dave Gallagher to third
Batting: LHB Mike Greenwell 0-0: Ball
1-0: Foul Ball, location: 2F
1-1: Ball
2-1: Foul Ball, location: 2F
2-2: Ball
3-2: Base on Balls
Batting: RHB Alfonso Gomez 0-0: Foul Ball, location: 2F
0-1: SINGLE (Line Drive, 78S, EV 103.8 MPH)
Dave Gallagher scores
Mike Greenwell to second
Batting: LHB Daryl Boston 0-0: Ball
1-0: Ball
2-0: Foul Ball, location: 2F
2-1: Called Strike
2-2: Ball
3-2: Foul Ball, location: 2F
3-2: Foul Ball, location: 2F
3-2: Strikes out swinging
Batting: RHB Robert Weirum 0-0: SINGLE (Line Drive, 6MD, EV 99.4 MPH)
Mike Greenwell to third
Alfonso Gomez to second
Batting: RHB Jim Sherman 0-0: Ball
1-0: Ball
2-0: Fly out, F9 (Line Drive, 9, EV 88.1 MPH)
Top of the 1st over - 1 run, 2 hits, 0 errors, 3 left on base; Greenwood 1 - Gastonia 0
BOTTOM OF THE 1ST
Gastonia Rockets batting - Pitching for Greenwood Grizzlies : RHP Dan del Valle
Pitching: RHP Dan del Valle
Batting: RHB Glenn Jones 0-0: Called Strike
0-1: Fly out, F8 (Flyball, 78S, EV 91.3 MPH)
Batting: RHB Jackie Wright 0-0: Called Strike
0-1: Ball
1-1: Foul Ball, location: 2F
1-2: Fly out, F4 (Popup, 4, EV 69.4 MPH)
Batting: LHB Dale Holman 0-0: SINGLE (Groundball, 4MD, EV 103.8 MPH)
Batting: RHB Mark Davidson 0-0: Foul Ball, location: 2F
0-1: Ball
1-1: Ball
2-1: Foul Ball, location: 2F
2-2: Ball
3-2: Strikes out looking
Bottom of the 1st over - 0 runs, 1 hit, 0 errors, 1 left on base; Greenwood 1 - Gastonia 0
TOP OF THE 2ND
Greenwood Grizzlies batting - Pitching for Gastonia Rockets : RHP Jose Torres
Batting: RHB Timothy Hume 0-0: Foul Ball, location: 2F
0-1: Foul Ball, location: 2F
0-2: Strikes out swinging
Batting: RHB Dave Buffamoyer 0-0: Foul Ball, location: 2F
0-1: Foul Ball, location: 2F
0-2: Ball
1-2: DOUBLE (Line Drive, 9LM, EV 106.3 MPH)
Batting: RHB Dave Gallagher 0-0: Called Strike
0-1: SINGLE (Groundball, 4M, EV 86.9 MPH) (infield hit)
Dave Buffamoyer to third
Batting: LHB John Flammang Pickoff Throw to First - Error! E1
Dave Buffamoyer scores
Dave Gallagher to second
0-0: Ground out 5-3 (Groundball, 56S, EV 84.4 MPH)
Batting: LHB Mike Greenwell 0-0: Swinging Strike
0-1: Swinging Strike
0-2: Ball
1-2: Ball
2-2: 2-RUN HOME RUN (Flyball, 89XD, EV 94.4 MPH), Distance : 394 ft
Batting: RHB Alfonso Gomez 0-0: Ball
1-0: Ball
2-0: Called Strike
2-1: Called Strike
2-2: Ball
3-2: Foul Ball, location: 2F
3-2: Foul Ball, location: 2F
3-2: Foul Ball, location: 2F
3-2: Foul Ball, location: 2F
3-2: Fly out, F2 (Popup, 2LF, EV 95.6 MPH)
Top of the 2nd over - 3 runs, 3 hits, 1 error, 0 left on base; Greenwood 4 - Gastonia 0
BOTTOM OF THE 2ND
Gastonia Rockets batting - Pitching for Greenwood Grizzlies : RHP Dan del Valle
Batting: LHB Reginald Thomas 0-0: Called Strike
0-1: Foul Ball, location: 2F
0-2: Foul Ball, location: 2F
0-2: Fly out, F7 (Flyball, 7S, EV 85.6 MPH)
Batting: RHB James Crawford 0-0: Called Strike
0-1: Called Strike
0-2: Ball
1-2: Strikes out swinging
Batting: RHB Pat Dumouchelle 0-0: Foul Ball, location: 2F
0-1: Ball
1-1: Foul Ball, location: 2F
1-2: Ball
2-2: Foul Ball, location: 2F
2-2: Foul Ball, location: 2F
2-2: Fly out, F9 (Flyball, 9LM, EV 97.5 MPH)
Bottom of the 2nd over - 0 runs, 0 hits, 0 errors, 0 left on base; Greenwood 4 - Gastonia 0
TOP OF THE 3RD
Greenwood Grizzlies batting - Pitching for Gastonia Rockets : RHP Jose Torres
Batting: LHB Daryl Boston 0-0: Ball
1-0: Ball
2-0: Called Strike
2-1: Ball
3-1: SINGLE (Line Drive, 9S, EV 89.4 MPH)
Batting: RHB Robert Weirum 0-0: 2-RUN HOME RUN (Flyball, 9D, EV 106.3 MPH), Distance : 357 ft
Pitching: RHP Thomas DeRosa
Batting: RHB Jim Sherman 0-0: Called Strike
0-1: Ball
1-1: DOUBLE (Line Drive, 89D, EV 104.4 MPH)
Batting: RHB Timothy Hume 0-0: Ball
1-0: Fly out, F4 (Popup, 13, EV 76.9 MPH)
Batting: RHB Dave Buffamoyer 0-0: Foul Ball, location: 2F
0-1: Swinging Strike
0-2: Ball
1-2: Foul Ball, location: 2F
1-2: Foul Ball, location: 2F
1-2: Ball
2-2: Ball
3-2: Base on Balls
Batting: RHB Dave Gallagher 0-0: Called Strike
0-1: Foul Ball, location: 2F
0-2: Ball
1-2: Ball
2-2: Foul Ball, location: 2F
2-2: Fly out, F6 (Popup, 6M, EV 70.0 MPH)
Batting: LHB John Flammang 0-0: Ball
1-0: Ball
2-0: Called Strike
2-1: SINGLE (Groundball, 25, EV 62.5 MPH) (infield hit)
Jim Sherman to third
Dave Buffamoyer to second
Batting: LHB Mike Greenwell 0-0: Ball
1-0: Ball
2-0: Ball
3-0: Base on Balls
Jim Sherman scores
Dave Buffamoyer to third
John Flammang to second
Batting: RHB Alfonso Gomez 0-0: Ball
1-0: Foul Ball, location: 2F
1-1: Ball
2-1: Foul Ball, location: 2F
2-2: Ball
3-2: Base on Balls
Dave Buffamoyer scores
John Flammang to third
Mike Greenwell to second
Batting: LHB Daryl Boston 0-0: Ball
1-0: Called Strike
1-1: SINGLE (Groundball, 4MD, EV 93.8 MPH)
John Flammang scores
Mike Greenwell to third
Alfonso Gomez to second
Runner from 3rd tries for Home, SAFE, throw by CF to home
Pitching: RHP Lance Dodd
Batting: RHB Robert Weirum 0-0: Ball
1-0: Fly out, F8 (Flyball, 8RD, EV 101.3 MPH)
Top of the 3rd over - 6 runs, 5 hits, 0 errors, 2 left on base; Greenwood 10 - Gastonia 0
BOTTOM OF THE 3RD
Gastonia Rockets batting - Pitching for Greenwood Grizzlies : RHP Dan del Valle
Batting: RHB Donald Murelli 0-0: Foul Ball, location: 2F
0-1: Ball
1-1: Fly out, F8 (Flyball, 8LM, EV 85.6 MPH)
Batting: RHB Kurt Kingsolver 0-0: Called Strike
0-1: Ball
1-1: Ball
2-1: Foul Ball, location: 2F
2-2: SINGLE (Line Drive, 34D, EV 98.1 MPH)
Batting: RHB Glenn Jones 0-0: Ball
1-0: Foul Ball, location: 2F
1-1: Foul Ball, location: 2F
1-2: Strikes out swinging
Batting: RHB Jackie Wright 0-0: Called Strike
0-1: Ball
1-1: Ball
2-1: Fielders Choice at 2nd, 6-4 (Groundball, 6, EV 83.8 MPH)
Bottom of the 3rd over - 0 runs, 1 hit, 0 errors, 1 left on base; Greenwood 10 - Gastonia 0
TOP OF THE 4TH
Greenwood Grizzlies batting - Pitching for Gastonia Rockets : RHP Lance Dodd
Batting: RHB Jim Sherman 0-0: Called Strike
0-1: Foul Ball, location: 2F
0-2: Foul Ball, location: 2F
0-2: Strikes out swinging
Batting: RHB Timothy Hume 0-0: Called Strike
0-1: Ball
1-1: Called Strike
1-2: Foul Ball, location: 2F
1-2: Strikes out looking
Batting: RHB Dave Buffamoyer 0-0: Ball
1-0: Swinging Strike
1-1: Fly out, F9 (Flyball, 9, EV 96.3 MPH)
Top of the 4th over - 0 runs, 0 hits, 0 errors, 0 left on base; Greenwood 10 - Gastonia 0
BOTTOM OF THE 4TH
Gastonia Rockets batting - Pitching for Greenwood Grizzlies : RHP Dan del Valle
Batting: LHB Dale Holman 0-0: Ball
1-0: Called Strike
1-1: Ball
2-1: DOUBLE (Line Drive, 89D, EV 108.1 MPH)
Batting: RHB Mark Davidson 0-0: Ball
1-0: Ball
2-0: Ball
3-0: Base on Balls
Batting: LHB Reginald Thomas 0-0: Swinging Strike
0-1: DOUBLE (Line Drive, 8RD, EV 103.1 MPH)
Dale Holman scores
Mark Davidson to third
Batting: RHB James Crawford 0-0: Called Strike
0-1: Fly out, F5 (Popup, 5S, EV 66.3 MPH)
Batting: RHB Pat Dumouchelle 0-0: Foul Ball, location: 2F
0-1: Ball
1-1: Swinging Strike
1-2: Ground out 1-3 (Groundball, 34S, EV 72.5 MPH)
Batting: RHB Donald Murelli 0-0: Ball
1-0: Ball
2-0: Called Strike
2-1: Ball
3-1: DOUBLE (Line Drive, 89M, EV 95.0 MPH)
Mark Davidson scores
Reginald Thomas scores
Batting: RHB Kurt Kingsolver 0-0: Ball
1-0: Fly out, F8 (Flyball, 78D, EV 75.6 MPH)
Bottom of the 4th over - 3 runs, 3 hits, 0 errors, 1 left on base; Greenwood 10 - Gastonia 3
TOP OF THE 5TH
Greenwood Grizzlies batting - Pitching for Gastonia Rockets : RHP Lance Dodd
Batting: RHB Dave Gallagher 0-0: Ball
1-0: Foul Ball, location: 2F
1-1: Ball
2-1: Foul Ball, location: 2F
2-2: Ball
3-2: Foul Ball, location: 2F
3-2: Base on Balls
Batting: LHB John Flammang 0-0: Called Strike
0-1: Called Strike
0-2: Ball
1-2: Foul Ball, location: 2F
1-2: Ball
2-2: Fielders Choice at 2nd, 6-4 (Groundball, 6, EV 88.1 MPH)
Batting: LHB Mike Greenwell Pickoff Throw to First - Out! 1-3
0-0: Ball
1-0: Fly out, F7 (Flyball, 7S, EV 89.4 MPH)
Top of the 5th over - 0 runs, 0 hits, 0 errors, 0 left on base; Greenwood 10 - Gastonia 3
BOTTOM OF THE 5TH
Gastonia Rockets batting - Pitching for Greenwood Grizzlies : RHP Dan del Valle
Batting: RHB Glenn Jones 0-0: Swinging Strike
0-1: Ball
1-1: Swinging Strike
1-2: Ground out 2-3 (Groundball, 15S, EV 75.6 MPH)
Batting: RHB Jackie Wright 0-0: Ball
1-0: Foul Ball, location: 2F
1-1: Swinging Strike
1-2: Ball
2-2: Foul Ball, location: 2F
2-2: Fly out, F5 (Line Drive, 5, EV 71.3 MPH)
Batting: LHB Dale Holman 0-0: SINGLE (Groundball, 34D, EV 96.3 MPH)
Batting: RHB Mark Davidson 0-0: Ground out U3 (Groundball, 13, EV 87.5 MPH)
Bottom of the 5th over - 0 runs, 1 hit, 0 errors, 1 left on base; Greenwood 10 - Gastonia 3
TOP OF THE 6TH
Greenwood Grizzlies batting - Pitching for Gastonia Rockets : RHP Lance Dodd
Batting: RHB Alfonso Gomez 0-0: Called Strike
0-1: Ball
1-1: Ball
2-1: Fly out, F8 (Flyball, 89S, EV 80.6 MPH)
Batting: LHB Daryl Boston 0-0: Ball
1-0: Called Strike
1-1: Called Strike
1-2: Ball
2-2: Foul Ball, location: 2F
2-2: Ball
3-2: Strikes out looking
Batting: RHB Robert Weirum 0-0: Called Strike
0-1: Called Strike
0-2: Ball
1-2: Fly out, F8 (Flyball, 8RS, EV 87.5 MPH)
Top of the 6th over - 0 runs, 0 hits, 0 errors, 0 left on base; Greenwood 10 - Gastonia 3
BOTTOM OF THE 6TH
Gastonia Rockets batting - Pitching for Greenwood Grizzlies : RHP Dan del Valle
Batting: LHB Reginald Thomas 0-0: Called Strike
0-1: Foul Ball, location: 2F
0-2: Foul Ball, location: 2F
0-2: Fly out, F8 (Flyball, 8RD, EV 108.1 MPH)
Batting: RHB James Crawford 0-0: Ball
1-0: Foul Ball, location: 2F
1-1: Ball
2-1: Fly out, F7 (Flyball, 7S, EV 84.4 MPH)
Batting: RHB Pat Dumouchelle 0-0: Ball
1-0: Ball
2-0: Ball
3-0: Called Strike
3-1: Called Strike
3-2: Ground out 4-3 (Groundball, 4, EV 83.1 MPH)
Bottom of the 6th over - 0 runs, 0 hits, 0 errors, 0 left on base; Greenwood 10 - Gastonia 3
TOP OF THE 7TH
Greenwood Grizzlies batting - Pitching for Gastonia Rockets : RHP Lance Dodd
Batting: RHB Jim Sherman 0-0: Ball
1-0: Ball
2-0: Called Strike
2-1: Ground out 5-3 (Groundball, 56, EV 103.8 MPH)
Pitching: LHP Carlos Arroyo
Batting: RHB Timothy Hume 0-0: Foul Ball, location: 2F
0-1: Foul Ball, location: 2F
0-2: Ball
1-2: Ball
2-2: Fly out, F9 (Line Drive, 9, EV 90.0 MPH)
Batting: RHB Dave Buffamoyer 0-0: Ball
1-0: Swinging Strike
1-1: Ball
2-1: Ball
3-1: Base on Balls
Batting: RHB Dave Gallagher 0-0: DOUBLE (Flyball, 78XD, EV 115.0 MPH)
Dave Buffamoyer to third
Runner from 3rd tries for Home, SAFE, no throw by LF
Batting: LHB John Flammang 0-0: Called Strike
0-1: Ball
1-1: Ball
2-1: Ground out 6-3 (Groundball, 6, EV 91.9 MPH)
Top of the 7th over - 1 run, 1 hit, 0 errors, 1 left on base; Greenwood 11 - Gastonia 3
BOTTOM OF THE 7TH
Gastonia Rockets batting - Pitching for Greenwood Grizzlies : RHP Dan del Valle
Batting: RHB Donald Murelli 0-0: Called Strike
0-1: Ball
1-1: Called Strike
1-2: Fly out, F3 (Popup, 3SF, EV 75.0 MPH)
Batting: RHB Kurt Kingsolver 0-0: Ground out 5-3 (Groundball, 56S, EV 63.8 MPH)
Batting: RHB Glenn Jones 0-0: Ball
1-0: Foul Ball, location: 2F
1-1: Fly out, F8 (Line Drive, 8RD, EV 93.1 MPH)
Bottom of the 7th over - 0 runs, 0 hits, 0 errors, 0 left on base; Greenwood 11 - Gastonia 3
TOP OF THE 8TH
Greenwood Grizzlies batting - Pitching for Gastonia Rockets : LHP Carlos Arroyo
Batting: LHB Mike Greenwell 0-0: Ball
1-0: Called Strike
1-1: Swinging Strike
1-2: DOUBLE (Line Drive, 7LD, EV 105.0 MPH)
Batting: RHB Alfonso Gomez 0-0: Ball
1-0: Foul Ball, location: 2F
1-1: Foul Ball, location: 2F
1-2: Ball
2-2: Ball
3-2: Strikes out swinging
Pitching: LHP David Cammack
Batting: LHB Daryl Boston 0-0: Ground out 4-3 (Groundball, 4, EV 88.1 MPH)
Mike Greenwell to third
Batting: RHB Robert Weirum 0-0: Fly out, F4 (Line Drive, 4, EV 72.5 MPH)
Top of the 8th over - 0 runs, 1 hit, 0 errors, 1 left on base; Greenwood 11 - Gastonia 3
BOTTOM OF THE 8TH
Gastonia Rockets batting - Pitching for Greenwood Grizzlies : RHP Dan del Valle
Batting: RHB Jackie Wright 0-0: Ball
1-0: Swinging Strike
1-1: Called Strike
1-2: Strikes out swinging
Batting: LHB Dale Holman 0-0: Fly out, F4 (Flyball, 4D, EV 88.1 MPH)
Batting: RHB Mark Davidson 0-0: Ball
1-0: Swinging Strike
1-1: Called Strike
1-2: Strikes out swinging
Bottom of the 8th over - 0 runs, 0 hits, 0 errors, 0 left on base; Greenwood 11 - Gastonia 3
TOP OF THE 9TH
Greenwood Grizzlies batting - Pitching for Gastonia Rockets : LHP David Cammack
Batting: RHB Jim Sherman 0-0: Foul Ball, location: 2F
0-1: DOUBLE (Line Drive, 5D, EV 100.0 MPH)
Batting: RHB Timothy Hume 0-0: Ball
1-0: Ball
2-0: Called Strike
2-1: SINGLE (Flyball, 8RS, EV 95.0 MPH)
Jim Sherman to third
Batting: RHB Dave Buffamoyer 0-0: Called Strike
0-1: Called Strike
0-2: Strikes out swinging
Batting: RHB Dave Gallagher 0-0: Ball
1-0: Called Strike
1-1: Swinging Strike
1-2: Ball
2-2: Ball
3-2: Foul Ball, location: 2F
3-2: Base on Balls
Timothy Hume to second
Batting: LHB John Flammang 0-0: Ball
1-0: Ball
2-0: TRIPLE (Flyball, 89XD, EV 93.8 MPH)
Jim Sherman scores
Timothy Hume scores
Dave Gallagher scores
Batting: LHB Mike Greenwell 0-0: Foul Ball, location: 2F
0-1: Called Strike
0-2: SINGLE (Line Drive, 9S, EV 100.6 MPH)
John Flammang scores
Pitching: RHP Jon Lindsey
Batting: RHB Alfonso Gomez 0-0: Ball
1-0: Ball
2-0: Called Strike
2-1: Fly out, F7 (Flyball, 7, EV 91.9 MPH)
Batting: LHB Daryl Boston 0-0: Swinging Strike
0-1: Ball
Wild Pitch!
Mike Greenwell to second
1-1: Swinging Strike
1-2: Strikes out swinging
Top of the 9th over - 4 runs, 4 hits, 0 errors, 1 left on base; Greenwood 15 - Gastonia 3
BOTTOM OF THE 9TH
Gastonia Rockets batting - Pitching for Greenwood Grizzlies : RHP Dan del Valle
Batting: LHB Reginald Thomas 0-0: Ball
1-0: Called Strike
1-1: Ground out U3 (Groundball, 3, EV 109.4 MPH)
Batting: RHB James Crawford 0-0: Ball
1-0: Swinging Strike
1-1: Foul Ball, location: 2F
1-2: Strikes out looking
Batting: RHB Pat Dumouchelle 0-0: Ball
1-0: Ball
2-0: Foul Ball, location: 2F
2-1: Fly out, F9 (Flyball, 9S, EV 83.8 MPH)
Bottom of the 9th over - 0 runs, 0 hits, 0 errors, 0 left on base; Greenwood 15 - Gastonia 3
Thursday, July 23rd, 2020 - OOTP Baseball 21.5 Build 71